 Dungeon Crawl Stone Soup version 0.20-a0-1009-gc986637 (webtiles) character file.

290 MrRokkomies the Bolt Thrower (level 6, -4/49 HPs)
             Began as a Bultungin Arcane Marksman on Apr 15, 2017.
             Slain by an ogre
             ... wielding a +0 giant spiked club
              (22 damage)
             ... on level 4 of the Dungeon.
             The game lasted 00:09:56 (3865 turns).

MrRokkomies the Bolt Thrower (BuAM)                 Turns: 3865, Time: 00:09:57

Health: -4/49      AC:  8    Str: 11    XL:     6   Next: 32%
Magic:  3/8        EV: 11    Int: 13    God:
Gold:   276        SH:  0    Dex: 15    Spells: 2/8 levels left

rFire    . . .     SeeInvis +   a - +0 hand crossbow
rCold    . . .     Gourm    .   (no shield)
rNeg     . . .     Faith    .   k - +0 ring mail
rPois    .         Spirit   .   (no helmet)
rElec    .         Reflect  .   (no cloak)
rCorr    .         Harm     .   l - +2 pair of gloves
MR       .....                  (no boots)
Stlth    +.........             (no amulet)
Regen    0.2/turn               (no ring)
MPRegen  0.2/turn               (no ring)

@: very slightly contaminated
A: short attention span, fangs 1, see invisible, strong nose
a: no special abilities


You were on level 4 of the Dungeon.
You were hungry.

You visited 1 branch of the dungeon, and saw 4 of its levels.

You collected 276 gold pieces.

Inventory:

Hand Weapons
 a - a +0 hand crossbow (weapon)
 b - a +2 dagger of flaming
Missiles
 d - 13 bolts (quivered)
 m - 3 curare-tipped needles
Armour
 k - a +0 ring mail (worn)
 l - a +2 pair of gloves (worn)
Scrolls
 e - 2 scrolls of remove curse
 h - 6 scrolls of identify
 j - a scroll of enchant armour
Potions
 g - a potion of lignification
Books
 c - a book of Debilitation

   Spells                             Type                      Level
   a - Corona                         Hexes                        1
   b - Slow                           Hexes                        2
   c - Inner Flame                    Hexes/Fire                   3
   d - Portal Projectile              Hexes/Translocation          3
   e - Cause Fear                     Hexes                        4
   f - Leda's Liquefaction            Hexes/Earth                  4
Comestibles
 f - 2 bread rations
 i - 2 meat rations
 n - 2 chunks of flesh
 o - a royal jelly


   Skills:
 - Level 4.4 Fighting
 * Level 6.9 Crossbows
 - Level 3.0 Dodging
 - Level 1.7 Spellcasting
 - Level 5.0 Hexes
 * Level 3.5 Translocations


You had 2 spell levels left.
You knew the following spells:

 Your Spells              Type           Power        Failure   Level  Hunger
a - Corona                Hex            ##.....      12%         1    ##.....
b - Slow                  Hex            ##......     14%         2    ###....
c - Portal Projectile     Hex/Tloc       ##....       34%         3    ####...


Dungeon Overview and Level Annotations

Branches:
Dungeon (4/15)
 Temple: D:4-7

Altars:
Dithmenos
Qazlal
Ru


Innate Abilities, Weirdness & Mutations

You have a short attention span.
You have very sharp teeth.
You have supernaturally acute eyesight. (SInv)
Your uncanny sense of smell can sniff out nearby items.


Message History

The ogre resists with significant effort.
The ogre barely misses you.
You are feeling hungry.
Casting: Slow
Confirm with . or Enter, or press ? or * to list all spells.
Aiming: Slow
Press: ? - help, Shift-Dir - straight line, f/p - ogre
Aim: an ogre, wielding a giant spiked club (chance to defeat MR: 50%)
The ogre resists with significant effort.
You see here 6 poisoned needles.
Casting: Slow
Confirm with . or Enter, or press ? or * to list all spells.
Aiming: Slow
Press: ? - help, Shift-Dir - straight line, f/p - ogre
Aim: an ogre, wielding a giant spiked club (chance to defeat MR: 50%)
You miscast Slow.
You are very lightly contaminated with residual magic.
Your skin tingles.
The ogre hits you with a giant spiked club!!
You die...

##.###.# §...§#.# .....#.########
.._...........# .....#####....#
§....#####....# ##.###........#
.#.#######.######################
..............[.@O(..............
##########..######.##############
##.###....<..# #............#
#............# #............#
#...>........# #............#
#............# ∆


You could see an ogre.

Vanquished Creatures
  A centaur skeleton (D:4)
  Jessica (D:2)
  Natasha (twice) (D:4)
  A worker ant (D:4)
  3 gnolls (D:2)
  5 adders
  A shadow imp (D:4)
  3 worms
  An orc (D:4)
  5 giant cockroaches
  6 goblins
  11 hobgoblins
  7 jackals (D:2)
  A quokka (D:3)
  2 ball pythons
  10 bats
  3 frilled lizards
  5 kobolds
  12 rats
  A fungus (D:2)
81 creatures vanquished.

Notes
Turn   | Place    | Note
-------+----------+-------------------------------------------
     0 | D:1      | MrRokkomies the Bultungin Arcane Marksman began the quest for the Orb.
     0 | D:1      | Reached XP level 1. HP: 15/15 MP: 3/3
   401 | D:1      | Reached XP level 2. HP: 14/21 MP: 4/4
  1095 | D:1      | Reached skill level 5 in Hexes
  1112 | D:1      | Reached skill level 4 in Crossbows
  1260 | D:1      | Learned a level 2 spell: Slow
  1289 | D:2      | Reached XP level 3. HP: 13/27 MP: 3/5
  1495 | D:2      | Reached XP level 4. HP: 35/35 MP: 6/6
  1828 | D:2      | Noticed Jessica
  1832 | D:2      | Killed Jessica
  1832 | D:2      | Reached skill level 5 in Crossbows
  2196 | D:2      | Reached XP level 5. HP: 18/42 MP: 5/7
  2444 | D:2      | Learned a level 3 spell: Portal Projectile
  2746 | D:2      | Found a sacrificial altar of Ru.
  3244 | D:3      | Reached skill level 1 in Translocations
  3549 | D:4      | Reached skill level 6 in Crossbows
  3563 | D:4      | Found a shadowy altar of Dithmenos.
  3602 | D:4      | Noticed Natasha
  3619 | D:4      | Killed Natasha
  3651 | D:4      | Found a stormy altar of Qazlal.
  3679 | D:4      | Reached XP level 6. HP: 21/49 MP: 8/8
  3735 | D:4      | Noticed Natasha
  3754 | D:4      | Killed Natasha
  3865 | D:4      | Slain by an ogre

Vault maps used:
D:1:      ncdulo_smallfort
D:2:      st_stairs_10, minmay_gold_behind_fungi, serial_bayou_ford_a,
          nicolae_ru_path_of_blood, uniq_jessica
D:4:      grunt_dithmenos_shadows, grunt_qazlal_clouds, enter_ossuary_5,
          fedhas_bush_and_centaur_altar, uniq_sigmund, uniq_natasha

Skill      XL: |  1  2  3  4  5  6 |
---------------+-------------------+-----
Hexes          | 5 |  5.0
Crossbows      | 4 5 6 |  6.9
Fighting       | 2 3 4 |  4.4
Translocations | 2 3 |  3.5
Dodging        | |  3.0
Spellcasting   | |  1.7

Action                   |  1- 3 |  4- 6 || total
-------------------------+-------+-------++-------
Melee: Unarmed           |    23 |       ||    23
       Bite              |     4 |    24 ||    28
       Mace              |    16 |       ||    16
       Spear             |    11 |   155 ||   166
       Dagger            |       |    71 ||    71
 Fire: Hand crossbow     |    25 |    44 ||    69
 Cast: Corona            |    12 |    13 ||    25
       Slow              |       |     2 ||     2
  Use: Scroll            |       |     5 ||     5
       Potion            |       |     1 ||     1
 Stab: Sleeping          |     1 |       ||     1
  Eat: Chunk             |     2 |     8 ||    10
Armor: Robe              |    27 |    29 ||    56
       Ring mail         |       |    53 ||    53
Dodge: Dodged            |    72 |   152 ||   224
